AoeStats
← iHateArabia

Black Forest

506628056Analyzed
1v1 RM · 18d ago on Sep 14, 2026· 67m 41s· 2 players
Game mode
Random Map
Map size
Tiny (2 player)
Population
200
Speed
Normal
Resources
Standard
Victory
Conquest
Starting age
Dark Age
Ending age
Imperial Age
RankedLock teamsTeams togetherTeam positionsShared explorationLock speedFull tech treeHidden civsTurbo modeCheats
Victory
Defeat
🇵🇹 Mongols · Portugal
885
+15
🇳🇱 Sicilians · Netherlands
863
-15
iHateArabia
1:16 Loom
12:58 Feudal Age
33:48 Castle Age
32:47 Double-Bit Axe
32:59 Gold Mining
34:29 Wheelbarrow
33:48 Fletching
34:56 Bodkin Arrow
35:51 Bloodlines
35:54 Light Cavalry
36:22 Horse Collar
37:23 Elite Skirmisher
39:02 Bow Saw
39:30 Hand Cart
41:43 Scale Barding Armor
42:39 Heavy Plow
43:32 Padded Archer Armor
43:33 Scale Mail Armor
44:03 Chain Barding Armor
44:17 Husbandry
44:49 Forging
45:29 Town Watch
49:27 Imperial Age
47:23 Ballistics
47:34 Stone Mining
48:20 Gold Shaft Mining
48:59 Town Watch
50:18 Onager
51:22 Padded Archer Armor
51:57 Siege Onager
53:28 Crop Rotation
54:01 Heavy Scorpion
56:02 Conscription
55:12 Pikeman
57:16 Halberdier
60:23 Chemistry
63:48 Scale Mail Armor
64:24 Iron Casting
Mnke
0:27 Loom
11:02 Feudal Age
11:32 Double-Bit Axe
16:09 Castle Age
18:36 Stone Mining
23:27 Murder Holes
32:27 Gold Mining
37:31 Horse Collar
38:58 Heavy Plow
41:29 Wheelbarrow
41:45 Bow Saw
44:50 Imperial Age
43:44 Hand Cart
44:14 Fletching
44:35 Forging
44:42 Husbandry
44:52 Bloodlines
46:05 Conscription
46:43 Gold Shaft Mining
47:11 Padded Archer Armor
47:07 Bodkin Arrow
47:14 Scale Mail Armor
47:00 Heavy Camel Rider
48:50 Pikeman
49:31 Squires
49:16 Arson
49:49 Bracer
50:26 Iron Casting
52:29 Blast Furnace
51:35 Scale Barding Armor
52:32 Chain Mail Armor
52:40 Chain Barding Armor
52:46 Ballistics
54:13 Stone Shaft Mining
55:30 Chemistry
56:06 Elite Mangudai
63:52 Leather Archer Armor
64:13 Plate Mail Armor
63:49 Light Cavalry
64:58 Hussar
Connection lost

Rejoining the realm…

Still unreachable

The connection could not be restored.

Session expired

The server has moved on; the page needs a fresh start.